 Dungeon Crawl Stone Soup version 0.30-a0-23-ge60ba3568b (webtiles) character file.

Game seed: 5700593981683311480

36 ytrimaz the Trooper (level 3, -3/29 HPs)
             Began as a Demonspawn Monk on Aug 24, 2022.
             Slain by a gnoll
             ... wielding a +0 spear
              (7 damage)
             ... on level 2 of the Dungeon.
             The game lasted 00:00:58 (1489 turns).

ytrimaz the Trooper (Demonspawn Monk)               Turns: 1489, Time: 00:00:58

Health: -3/29      AC:  2    Str: 19    XL:     3   Next: 19%
Magic:  3/3        EV:  7    Int: 11    God:
Gold:   65         SH:  0    Dex: 15    Spells: 2/2 levels left

rFire   . . .      SeeInvis .    e - +2 short sword (speed)
rCold   . . .      Faith    .    (no shield)
rNeg    . . .      Spirit   .    b - +0 robe
rPois   .          Reflect  .    (helmet restricted)
rElec   .          Harm     .    (no cloak)
rCorr   .          Rampage  .    (no gloves)
Will    .....                    (no boots)
Stlth   ++........               (no amulet)
HPRegen 0.09/turn                d - +6 ring of strength
MPRegen 0.08/turn                (no ring)

@: flying, held
A: antennae 1, demonic guardian 1
a: no special abilities


You were on level 2 of the Dungeon.
You visited 1 branch of the dungeon, and saw 2 of its levels.

You collected 65 gold pieces.

Inventory:

Hand Weapons
 a - a +0 hand axe
 e - a +2 short sword of speed (weapon)
Armour
 b - a +0 robe (worn)
Jewellery
 d - a +6 ring of strength (left hand)
Scrolls
 f - a scroll of teleportation {unknown}
Potions
 c - a potion of ambrosia


   Skills:
 + Level 3.5 Fighting
 * Level 1.1 Short Blades
 - Level 2.8 Axes
 + Level 3.1 Dodging
 - Level 1.7 Stealth


You had 2 spell levels left.
You didn't know any spells.
Your spell library was empty.

Dungeon Overview and Level Annotations

Branches:
Dungeon (2/15)

Altars:


Innate Abilities, Weirdness & Mutations

You have a pair of small antennae on your head.
A weak demonic guardian rushes to your aid.


Message History

Your experience leads to an increase in your attributes!
Your base attributes are Str 11, Int 11, Dex 15.
Increase (S)trength, (I)ntelligence, or (D)exterity?
You feel stronger. x2; Your demonic ancestry asserts itself...
You feel the presence of a demonic guardian.
The gnoll hits you with a +0 spear.
You see here a +0 halberd.
You are too injured to fight recklessly!
You hit the gnoll.
The gnoll is lightly wounded.
The gnoll hits you with a +0 spear.
* * * LOW HITPOINT WARNING * * *
A demonic guardian appears!
You are too injured to fight recklessly!
You hit the gnoll.
The gnoll is moderately wounded.
The gnoll closely misses you.
You are too injured to fight recklessly!
You closely miss the gnoll.
The gnoll is moderately wounded.
Unknown command.
Okay, then.
You swap places.
The gnoll throws a throwing net.
The throwing net closely misses your ufetubus.
The throwing net closely misses you.
Your ufetubus hits the gnoll but does no damage.
Your ufetubus completely misses the gnoll.
You see here a bat corpse.
Your ufetubus closely misses the gnoll.
Your ufetubus barely misses the gnoll.
The gnoll hits your ufetubus with a +0 spear!
Your ufetubus dies!
Your ufetubus disappears in a puff of smoke!
The gnoll throws a throwing net.
The throwing net hits you.
You become entangled in the net!
You see here a throwing net.
You struggle against the net.
You struggle against the net.
You struggle against the net.
The gnoll hits you from afar with a +0 spear!
You die...

#..........+
#.
#.#######..# .
#.
#.#.[....#.#
.?####.
#.#.####.#...
....... #.#
#<.#.###.#
....... #.#
#..#.# .#
.......{ #.#
#....# .
......g#####.#
###### .
.....§Sg)g.@(#
..
.......#######
.......
####... #.##
#. #


You could see 3 gnolls and a ball python.

Vanquished Creatures
  A gnoll (D:2)
  4 ball pythons (D:1)
  An endoplasm (D:1)
  A giant cockroach (D:1)
  A hobgoblin (D:1)
  2 jackals (D:1)
  2 quokkas (D:1)
  A bat (D:2)
  4 frilled lizards (D:1)
  A goblin (D:1)
  4 kobolds (D:1)
  4 rats
26 creatures vanquished.

Notes
Turn   | Place    | Note
-------+----------+-------------------------------------------
     0 | D:1      | ytrimaz the Demonspawn Monk began the quest for the Orb.
     0 | D:1      | Reached XP level 1. HP: 18/18 MP: 1/1
   747 | D:1      | Gained mutation: You have a pair of small antennae on your
                  | head. [demonic ancestry]
   747 | D:1      | Reached XP level 2. HP: 21/24 MP: 2/2
  1480 | D:2      | Reached skill level 1 in Short Blades
  1480 | D:2      | Gained mutation: A weak demonic guardian rushes to your
                  | aid. [demonic ancestry]
  1480 | D:2      | Reached XP level 3. HP: 14/29 MP: 3/3
  1489 | D:2      | Slain by a gnoll

Illustrated notes

Levels and vault maps discovered:
D:1:      amcnicky_arrival_flooded_fountain, layout_loops_cross
D:2:      layout_basic, uniq_terence, uniq_jessica

Skill      XL: |  1  2 |
---------------+-------+-----
Dodging        | 3 |  3.1
Short Blades   | 1 |  1.1
Fighting       | |  3.5
Axes           | |  2.8
Stealth        | |  1.7

Action                   || total
-------------------------++-------
Melee: Hand axe          ||    17
       Short sword       ||    53
  Use: Potion            ||     1
 Stab: Sleeping          ||     3
Armor: Robe              ||     8
Dodge: Dodged            ||    30

Table legend: (Time is in decaauts)
 A = Elapsed time spent in this place.
 B = Non-inter-level travel time spent in this place.
 C = Inter-level travel time spent in this place.
 D = Time resting spent in this place.
 E = Time spent auto-exploring this place.
 F = Levels seen in this place.
 G = Mean time per level.
                   A        B        C        D        E       F      G
               +--------+--------+--------+--------+--------+-----+--------+
         Total |   1476 |   1407 |     69 |      0 |   1239 |   2 |  738.0 |
       Dungeon |   1476 |   1407 |     69 |      0 |   1239 |   2 |  738.0 |
               +--------+--------+--------+--------+--------+-----+--------+

Top non-repeatable levels by time:
     D:1: 1413 daAuts
     D:2: 62 daAuts
